Map: Persephone LE

Players

KimChiLoVer - Winner!

  • Race: Terran Terran
  • League: Diamond
  • Spawn Location: 7:00

tisch

  • Race: Protoss Protoss
  • League: Diamond
  • Spawn Location: 11:00

VOD

Have the link to the VOD?

Description

Time

  • Played on: Aug. 23, 2025, 6:47 p.m.
  • Length: 17:17
Show
View Real Time Build Order
Export as new Build Order

KimChiLoVer Terran - Winner!

Build Orders: Reaper Expand 

Get SALT Encoding   

  12  0:00  SCV  
  13  0:13  SCV  
  14  0:17  Supply Depot  
  14  0:25  SCV  
  15  0:39  SCV  
  15  0:40  Barracks  
  16  0:44  Refinery  
  16  0:51  SCV  
  17  1:03  SCV  
  18  1:15  SCV  
  19  1:29  Reaper  
  19  1:30  Orbital Command  
  20  1:42  Command Center  
  20  1:55  Supply Depot  
  20  1:56  SCV  
  21  2:01  Marine  
  21  2:08  SCV  
  23  2:11  Factory  
  23  2:15  Refinery  
  23  2:39  Marine  
  24  3:03  Factory Tech Lab  
  22  3:05  Barracks Reactor  
  22  3:07  Orbital Command  
  22  3:12  SCV  
  23  3:13  Bunker  
  23  3:19  Barracks  
  23  3:20  Barracks  
  23  3:23  Cyclone  
  23  3:24  SCV  
  27  3:31  Supply Depot  
  27  3:33  SCV  
  28  3:36  SCV  
  29  3:46  Marine x2  
  29  3:48  SCV  
  32  3:52  SCV  
  33  4:00  SCV  
  34  4:04  SCV  
  35  4:12  SCV  
  35  4:14  Factory Reactor, Starport  
  35  4:16  SCV, Stimpack  
  37  4:17  Marine x2  
  39  4:28  SCV, Engineering Bay  
  40  4:34  Command Center  
  40  4:40  SCV  
  41  4:46  Barracks Tech Lab  
  41  4:47  Marine x3  
  41  4:52  SCV x2  
  46  4:56  Engineering Bay  
  46  5:04  SCV  
  47  5:09  Missile Turret  
  47  5:12  Terran Infantry Weapons Level 1  
  47  5:13  SCV  
  48  5:16  SCV  
  48  5:19  Refinery x2  
  49  5:22  Medivac  
  49  5:25  SCV  
  49  5:28  Factory Tech Lab, SCV, Terran Infantry Armor Level 1  
  52  5:32  Supply Depot  
  53  5:37  SCV, Combat Shield  
  54  5:45  SCV, Medivac  
  54  5:46  Supply Depot  
  54  5:47  Supply Depot  
  57  5:54  Siege Tank  
  57  5:55  Orbital Command  
  60  5:57  SCV  
  61  6:09  SCV  
  62  6:18  Marine x2  
  63  6:19  Marine  
  63  6:20  Marauder  
  63  6:21  SCV  
  67  6:27  SCV  
  67  6:28  SCV  
  67  6:29  Supply Depot  
  67  6:30  Supply Depot  
  67  6:35  Marine  
  67  6:36  Marine  
  67  6:38  Marauder  
  66  6:41  Marauder  
  62  6:53  Marine x2  
  64  6:59  Marauder  
  65  7:02  Marauder  
  60  7:11  Marine x2  
  60  7:20  Marine  
  61  7:23  Marine  
  61  7:29  Marine x2  
  61  7:38  Marauder  
  61  7:41  Marine  
  62  7:47  Marine x2  
  62  7:49  Siege Tank  
  62  7:50  Liberator x2  
  68  7:59  Marine, Marauder  
  68  8:04  Marine  
  68  8:05  Marine  
  73  8:08  Supply Depot  
  73  8:10  Supply Depot  
  73  8:13  Armory  
  73  8:17  Marine  
  74  8:20  Marine  
  74  8:22  Barracks, Marine x2  
  74  8:23  Barracks  
  77  8:33  Medivac  
  72  8:35  Marine  
  72  8:38  Marine  
  72  8:39  SCV  
  72  8:40  Marine x2  
  77  8:50  Supply Depot  
  77  8:51  SCV  
  77  8:53  Missile Turret, Marauder  
  80  8:55  Missile Turret  
  80  8:56  Marauder  
  80  8:58  Marine x2  
  84  9:03  Supply Depot, SCV  
  84  9:06  Missile Turret  
  84  9:09  Supply Depot  
  85  9:10  Terran Infantry Weapons Level 2, Missile Turret  
  85  9:14  Marauder  
  85  9:15  SCV  
  85  9:16  Marine x2  
  89  9:18  Marauder  
  91  9:26  Siege Tank  
  91  9:27  SCV, Medivac x2  
  91  9:30  Barracks Tech Lab, Barracks Reactor  
  99  9:34  Marine x2  
  99  9:35  Terran Infantry Armor Level 2  
  99  9:36  Marauder  
  103  9:39  Marauder  
  103  9:40  SCV  
  106  9:50  Marauder  
  106  9:51  Supply Depot, Marine  
  106  9:52  Marine, SCV  
  111  9:57  Marauder  
  107  10:00  Marine  
  107  10:04  SCV  
  109  10:09  Marine x2  
  109  10:11  Marine  
  101  10:26  Marine x2, Marauder x2  
  101  10:27  Marine  
  110  10:35  Marine  
  110  10:36  Marauder  
  110  10:37  Siege Tank  
  114  10:43  Marine  
  114  10:44  Supply Depot, Marine  
  114  10:45  Marine  
  114  10:46  Supply Depot  
  114  10:47  Marauder  
  119  10:51  Missile Turret  
  119  10:59  Orbital Command  
  119  11:07  Marine x4, Marauder x2  
  119  11:08  Marine  
  128  11:18  Siege Tank  
  128  11:23  Missile Turret  
  128  11:24  Missile Turret  
  128  11:25  Marine x4  
  132  11:26  Marauder  
  132  11:28  Medivac x2  
  132  11:32  Marine, Marauder  
  144  11:43  Marine x2  
  146  11:48  Marauder  
  146  11:50  Marauder  
  145  12:15  Marine, Marauder x3  
  151  12:16  Marine x3  
  124  12:33  Marine, Viking  
  124  12:34  Marine x3  
  124  12:36  Marine x2, Marauder  
  109  12:51  Refinery, Marine x4  
  109  12:52  Refinery  
  109  12:54  Marine x2  
  109  12:57  Marine  
  116  12:59  Siege Tank  
  116  13:01  Terran Infantry Weapons Level 3  
  116  13:02  Terran Infantry Armor Level 3  
  119  13:06  Barracks  
  119  13:07  Barracks  
  119  13:09  Marine x4  
  119  13:11  Starport  
  119  13:12  Marauder x2  
  127  13:16  Marauder  
  116  13:33  Marine  
  65  14:04  Marine x5, Marauder x2  
  74  14:17  Barracks Tech Lab  
  74  14:18  Barracks Reactor  
  74  14:20  Starport Reactor  
  74  14:21  Marine  
  74  14:22  Marine x4, Terran Vehicle And Ship Armor Level 1  
  79  14:25  Marine x2  
  81  14:38  Marauder  
  83  14:39  Marine x2  
  83  14:40  Marine x2, Marauder  
  83  14:41  Viking, Command Center  
  83  14:42  Marine, Command Center  
  83  14:43  Viking  
  94  14:50  SCV x3  
  97  15:02  Viking x2, SCV  
  101  15:08  Missile Turret  
  101  15:31  Marine x2, Marauder x2  
  107  15:38  SCV  
  107  15:39  SCV x2  
  110  15:42  Viking  
  110  15:43  Viking x3  
  110  15:49  Marine, Marauder  
  121  15:50  SCV  
  121  15:51  SCV x2  
  121  15:54  Orbital Command  
  124  16:01  Marine, Marauder  
  127  16:12  Viking  
  127  16:13  Viking, Medivac  
  133  16:22  Marine x3, Marauder x2  
  137  16:35  Marine x2, Marauder x2  
  139  16:42  Marine  
  139  16:43  Marine  
  139  16:44  Marauder  
Show
View Real Time Build Order
Export as new Build Order

tisch Protoss 

Build Orders: 1 Gate Expand, Blink Stalkers 

Get SALT Encoding   

  1  0:00  Probe  
  13  0:08  Probe  
  14  0:19  Pylon  
  14  0:20  Probe  
  15  0:37  Probe  
  16  0:47  Gateway  
  16  0:49  Probe  
  17  0:55  Assimilator  
  17  1:01  Probe  
  18  1:13  Probe  
  19  1:25  Probe  
  20  1:35  Nexus  
  20  1:37  Probe  
  21  1:48  Assimilator  
  21  1:50  Pylon, Probe  
  22  1:56  Cybernetics Core  
  22  2:01  Pylon  
  22  2:06  Assimilator  
  22  2:07  Probe  
  23  2:25  Adept  
  23  2:36  Pylon  
  25  2:38  Warp Gate  
  22  2:58  Probe x2  
  24  3:06  Probe x2  
  24  3:07  Stalker  
  28  3:15  Probe  
  28  3:16  Probe  
  28  3:18  Pylon  
  30  3:23  Probe  
  30  3:28  Probe  
  30  3:31  Probe  
  32  3:35  Twilight Council  
  32  3:38  Gateway  
  33  3:46  Forge, Probe  
  34  3:54  Probe  
  34  3:55  Blink  
  34  3:56  Probe  
  36  4:02  Probe  
  36  4:08  Protoss Ground Weapons Level 1, Probe  
  38  4:14  Probe  
  39  4:20  Probe  
  40  4:26  Probe  
  41  4:32  Probe  
  41  4:33  Gateway  
  42  4:38  Probe  
  42  4:39  Gateway  
  42  4:44  Probe  
  44  4:50  Probe  
  45  4:56  Probe  
  46  5:00  Pylon  
  46  5:10  Assimilator  
  46  5:12  Assimilator  
  46  5:13  Gateway  
  46  5:18  Gateway  
  46  5:20  Pylon  
  46  5:21  Pylon  
  46  5:22  Stalker  
  46  5:23  Stalker  
  46  5:25  Pylon  
  46  5:26  Gateway  
  50  5:33  Stalker  
  52  5:45  Stalker, Pylon  
  52  5:46  Stalker x2  
  58  5:54  Probe x2  
  60  5:59  Gateway  
  60  6:00  Stalker, Pylon  
  62  6:18  Stalker x5  
  72  6:26  Pylon  
  66  6:49  Stalker x5  
  66  6:50  Stalker  
  68  7:18  Stalker x6  
  68  7:19  Stalker x2  
  70  7:42  Stalker x7  
  76  8:00  Stalker  
  78  8:09  Stalker x3, Robotics Facility  
  78  8:10  Zealot x2  
  72  8:50  Stalker x6, Nexus  
  72  8:53  Pylon  
  84  9:27  Observer  
  84  9:36  Robotics Bay  
  85  9:38  Pylon  
  85  9:42  Zealot x6  
  85  9:43  Zealot x2  
  101  9:50  Assimilator  
  101  9:57  Robotics Facility  
  87  10:13  Colossus  
  81  10:30  Probe x3  
  81  10:34  Charge  
  90  10:38  Colossus, Probe x3  
  90  10:39  Zealot x3  
  90  10:40  Zealot x4  
  107  10:48  Probe  
  113  10:59  Probe  
  113  11:00  Probe  
  113  11:02  Assimilator  
  113  11:03  Probe  
  116  11:07  Probe  
  116  11:08  Colossus, Probe  
  116  11:11  Protoss Ground Armor Level 1  
  122  11:13  Sentry  
  122  11:14  Sentry  
  122  11:15  Extended Thermal Lance, Sentry  
  130  11:31  Pylon  
  130  11:33  Observer  
  130  11:39  Dark Shrine  
  131  11:43  Colossus  
  131  11:46  Probe x2  
  133  11:51  Pylon  
  139  11:55  Pylon  
  122  12:18  Zealot x5  
  122  12:19  Zealot x2  
  92  12:45  Zealot x2  
  92  12:46  Zealot x3  
  102  12:57  Nexus  
  102  13:06  Dark Templar  
  42  14:06  Dark Templar x3  
  42  14:07  Dark Templar x2  
  42  14:09  Colossus  
  46  14:10  Colossus  
  46  14:11  Protoss Ground Weapons Level 2  
  46  14:18  Archon x2  
  46  14:28  Pylon  
  58  14:52  Probe  
  59  15:00  Zealot x5, Probe  
  70  15:10  Probe  
  71  15:21  Dark Templar x3  
  71  15:23  Zealot  
  71  15:25  Archon  
  77  15:32  Probe  
  77  15:35  Probe x2  
  80  15:40  Immortal, Probe  
  80  15:47  Probe x2  
  87  15:56  Dark Templar  
  89  16:07  Pylon  
  89  16:13  Nexus  
  89  16:21  Zealot x3  
  91  16:38  Dark Templar  
  91  16:39  Dark Templar x3  
  47  17:07  Stalker  
  47  17:08  Stalker x2  
Tags
 
Add a new tag
Caveats
  • Supply blocks, unpowered buildings, or Contaminate may cause inaccurate times.
  • Supply counts are checked every 10 seconds.